 Dungeon Crawl Stone Soup version 0.18.1-50-g88ac8fd (webtiles) character file.

388 KarmaPolice the Sneak (level 6, -4/41 HPs)
             Began as a Vampire Enchanter on Sept 27, 2016.
             Was an Initiate of Kikubaaqudgha.
             Killed by divine providence
             ... invoked by an orc priest
              (16 damage)
             ... on level 3 of the Dungeon.
             The game lasted 00:07:35 (3303 turns).

KarmaPolice the Sneak (Vampire Enchanter)           Turns: 3303, Time: 00:07:36

Health: -4/41      AC:  0    Str:  8    XL:     6   Next: 49%
Magic:  3/11       EV: 20    Int: 18    God:    Kikubaaqudgha [......]
Gold:   222        SH:  0    Dex: 20    Spells: 3 memorised, 6 levels left

rFire  . . .     SeeInvis +     (weapon currently unavailable)
rCold  + . .     Gourm    .     (armour currently unavailable)
rNeg   + + .     Faith    .     (shield currently unavailable)
rPois  +         Spirit   .     (helmet currently unavailable)
rElec  .         Dismiss  .     (cloak currently unavailable)
rCorr  .         Reflect  .     (gloves currently unavailable)
SustAt .         Harm     .     (boots currently unavailable)
MR     .....                    (no amulet)
Stlth  ++++......               (ring currently unavailable)
                                (ring currently unavailable)

@: bat-form, flying, regenerating slowly, very quick, not resistant to hostile
enchantments, stealthy
A: fangs 3, see invisible, (unbreathing)
a: End Transformation, Renounce Religion


You were on level 3 of the Dungeon.
You worshipped Kikubaaqudgha.
Kikubaaqudgha was noncommittal.
You were thirsty.
You were in vampire-bat-form.
You visited 1 branch of the dungeon, and saw 3 of its levels.

You collected 222 gold pieces.

Inventory:

Hand Weapons
 a - a +1 dagger (melded)
Armour
 b - a +1 robe (melded)
Jewellery
 o - an uncursed amulet of the gourmand {unknown}
 r - a +3 amulet of reflection {unknown}
 t - an uncursed amulet of the gourmand {unknown}
Wands
 q - a wand of acid (4/15)
Scrolls
 e - a scroll of teleportation {unknown}
 f - a scroll of noise {unknown}
 h - a scroll of blinking {unknown}
 i - a scroll of remove curse {unknown}
 j - a scroll of fog {unknown}
 k - a scroll of random uselessness {unknown}
 l - a scroll of identify {unknown}
 m - a scroll of enchant armour {unknown}
 s - a scroll of enchant weapon {unknown}
Potions
 d - 7 potions of blood
 g - 2 potions of heal wounds {unknown}
 n - a potion of haste {unknown}
 p - a potion of might {unknown}
Books
 c - a book of Maledictions

   Spells                             Type                      Level
   a - Corona                         Hexes                        1
   b - Ensorcelled Hibernation        Hexes/Ice                    2
   c - Confuse                        Hexes                        3
   d - Tukima's Dance                 Hexes                        3
   e - Dazzling Spray                 Conjuration/Hexes            3


   Skills:
 - Level 4.0 Short Blades
 - Level 2.1 Dodging
 + Level 6.7 Stealth
 + Level 3.6 Spellcasting
 + Level 6.3 Hexes
 + Level 0.0 Ice Magic


You had 6 spell levels left.
You knew the following spells:

 Your Spells              Type           Power        Failure   Level  Hunger
a - Corona                Hex            ####...      1%          1    None
b - Ensorcelled Hibernat  Hex/Ice        ##....       8%          2    ##.....
c - Confuse               Hex            ####....     3%          3    ###....


Dungeon Overview and Level Annotations

Branches:
Dungeon (3/15)

Altars:
Kikubaaqudgha


Innate Abilities, Weirdness & Mutations

You heal slowly.
You have razor-sharp teeth.
You have supernaturally acute eyesight.
((You can survive without breathing.))


Message History

Casting: Confuse
Confirm with . or Enter, or press ? or * to list all spells.
Aiming: Confuse
Press: ? - help, Shift-Dir - straight line, f - adder skeleton
Aim: an adder skeleton (chance to defeat MR: 85%)
The adder skeleton appears confused.
The adder skeleton completely misses you.
You hit the adder skeleton.
You turn into a vampire bat.
Your +1 dagger melds into your body.
Your +1 robe melds into your body.
Unknown command.
A hobgoblin comes into view. It is wielding a club.
The orc priest invokes the aid of Beogh against you.
Beogh smites you!
* * * LOW HITPOINT WARNING * * *
Your magical contamination has completely faded away.
The orc priest mumbles some strange prayers to Beogh against you.
Beogh smites you!
You die...
Kikubaaqudgha rasps: "You have failed me!
Welcome... oblivion!"

#. ###......### #.
#.o..%...... #.
#.##.....## #.
#.##.....# #.##....##
#.####.[# #.####..#
#.##....# #b##.##.#
########. ####.##..%.#
##........ ..##g##....#
...(# #.#
#.##.###.#.###.# ##..#
#.# #^##...........#
#..#####.#
#.######.#.#####
##........###.######.#.#
.....................#.#
##.#####.#.##.########.#


You could see an orc priest and a hobgoblin (sleeping).

Vanquished Creatures
  Grinder (D:3)
  Jessica (D:3)
  Terence (D:2)
  Natasha (D:3)
  A howler monkey zombie (D:3)
  A gnoll (D:1)
  3 adders
  2 oozes (D:1)
  An adder skeleton (D:3)
  3 worms
  A dart slug (D:1)
  2 giant geckos (D:2)
  A bat zombie (D:2)
  2 giant cockroaches (D:2)
  4 goblins (D:1)
  4 hobgoblins
  5 kobolds
  A quokka (D:3)
  2 ball pythons (D:3)
  11 bats
  5 giant newts
  4 rats
  A rat zombie (D:2)
58 creatures vanquished.

Notes
Turn   | Place    | Note
--------------------------------------------------------------
     0 | D:1      | KarmaPolice the Vampire Enchanter began the quest for the Orb.
     0 | D:1      | Reached XP level 1. HP: 13/13 MP: 3/3
   398 | D:1      | Reached XP level 2. HP: 19/19 MP: 5/5
   402 | D:1      | Learned a level 2 spell: Ensorcelled Hibernation
   707 | D:1      | Reached XP level 3. HP: 22/24 MP: 6/6
   917 | D:1      | Reached skill level 5 in Stealth
  1387 | D:2      | Found an ancient bone altar of Kikubaaqudgha.
  1395 | D:2      | Became a worshipper of Kikubaaqudgha
  1400 | D:2      | Learned a level 3 spell: Confuse
  1574 | D:2      | Noticed Terence
  1771 | D:2      | Killed Terence
  1771 | D:2      | Reached skill level 5 in Hexes
  1771 | D:2      | Reached XP level 4. HP: 30/30 MP: 1/8
  2352 | D:3      | Noticed Jessica
  2663 | D:3      | Killed Jessica
  2663 | D:3      | Reached XP level 5. HP: 29/35 MP: 0/9
  2804 | D:3      | Noticed Natasha
  2831 | D:3      | Killed Natasha
  3093 | D:3      | Noticed Grinder
  3104 | D:3      | Killed Grinder
  3104 | D:3      | Reached XP level 6. HP: 24/41 MP: 6/11
  3303 | D:3      | Killed from afar by an orc priest

Skill      XL: |  1  2  3  4  5  6 |
---------------+-------------------+-----
Short Blades   | 2 3 4 |  4.0
Stealth        | 5 6 |  6.7
Hexes          | 5 6 |  6.3
Spellcasting   | 3 |  3.6
Dodging        | |  2.1

Action                   |  1- 3 |  4- 6 || total
-------------------------+-------+-------++-------
Melee: Dagger            |   108 |    94 ||   202
       Bite              |    13 |     3 ||    16
       Unarmed           |     4 |       ||     4
 Cast: Ensorcelled Hiber |     7 |     8 ||    15
       Confuse           |     4 |     7 ||    11
 Abil: Bat Form          |     3 |     2 ||     5
       End Transformatio |     3 |     1 ||     4
  Use: Potion            |       |     2 ||     2
 Stab: Sleeping          |    11 |    14 ||    25
       Distracted        |     1 |       ||     1
       Confused          |     2 |     3 ||     5
  Eat: Corpse            |     2 |     2 ||     4
Armor: Robe              |    40 |    16 ||    56
Dodge: Dodged            |    72 |    57 ||   129
